Map: Ascension to Aiur LE

Players

Matthew

  • Race: Zerg Zerg
  • League: Diamond
  • Spawn Location: 5:00

NerfopTerran - Winner!

  • Race: Zerg Zerg
  • League: Master
  • Spawn Location: 11:00

VOD

Have the link to the VOD?

Description

Time

  • Played on: Sept. 6, 2017, 3:51 a.m.
  • Length: 4:19
Show
View Real Time Build Order
Export as new Build Order

Matthew Zerg 

Build Orders: Pool First 

Get SALT Encoding   

  12  0:02  Drone  
  13  0:09  Drone  
  14  0:26  Overlord  
  14  0:30  Extractor  
  14  0:32  Drone  
  14  0:33  Drone, Extractor  
  16  0:46  Drone  
  17  0:50  Spawning Pool  
  17  0:52  Drone, Extractor  
  16  1:03  Drone  
  17  1:19  Hatchery  
  17  1:23  Drone  
  17  1:27  Drone  
  17  1:31  Drone  
  19  1:42  Queen  
  19  1:46  Zergling x2  
  22  1:53  Overlord  
  22  2:00  Metabolic Boost  
  22  2:04  Extractor  
  22  2:05  Zergling x2  
  23  2:17  Zergling x2  
  23  2:18  Queen  
  26  2:27  Zergling x2  
  27  2:31  Queen  
  29  2:37  Baneling Nest  
  29  2:42  Zergling x2  
  29  2:43  Zergling x2  
  30  2:46  Zergling x2  
  31  3:01  Overlord  
  31  3:03  Zergling x4  
  31  3:04  Zergling x2  
  34  3:15  Extractor  
  34  3:16  Drone x2  
  34  3:18  Drone  
  36  3:29  Baneling x2  
  36  3:30  Baneling  
  36  3:31  Baneling  
  36  3:39  Drone x2  
  36  3:40  Drone x2  
  40  3:50  Drone  
  40  3:51  Drone x3  
  44  4:02  Zergling x2  
Show
View Real Time Build Order
Export as new Build Order

NerfopTerran Zerg - Winner!

Build Orders: Hatch First 

Get SALT Encoding   

  12  0:01  Drone  
  13  0:12  Overlord  
  13  0:17  Drone  
  14  0:31  Drone x2  
  14  0:35  Drone  
  17  0:52  Hatchery  
  17  0:55  Drone  
  17  0:58  Drone  
  17  1:01  Extractor  
  17  1:15  Spawning Pool  
  17  1:18  Drone  
  17  1:21  Drone  
  18  1:28  Drone  
  19  1:39  Overlord  
  19  2:04  Zergling x4  
  19  2:05  Queen x2  
  25  2:10  Metabolic Boost  
  25  2:11  Drone  
  25  2:12  Drone  
  27  2:16  Drone  
  28  2:23  Drone  
  29  2:35  Baneling Nest  
  29  2:36  Drone x2  
  30  2:39  Drone  
  31  2:52  Queen  
  31  2:55  Overlord  
  31  2:56  Zergling x2  
  31  2:57  Zergling x2  
  35  3:02  Zergling x2  
  36  3:13  Zergling x2  
  36  3:15  Zergling x2  
  38  3:20  Hatchery  
  37  3:31  Zergling x6  
  37  3:32  Zergling x6  
  43  3:35  Overlord  
  42  3:41  Baneling x4  
  42  3:45  Zergling x2  
  43  3:58  Drone x3  
Tags
 
Add a new tag
Caveats
  • Supply blocks, unpowered buildings, or Contaminate may cause inaccurate times.
  • Supply counts are checked every 10 seconds.